 Dungeon Crawl Stone Soup version 0.23-a0-625-g1d2cd9b (webtiles) character file.

7619 Gildeon the Cleaver (level 10, -8/88 HPs)
             Began as a Minotaur Fighter on Dec 23, 2018.
             Was a High Priest of Zin.
             Mangled by a two-headed ogre
             ... wielding a +0 giant club
              (16 damage)
             ... on level 9 of the Dungeon on Dec 24, 2018.
             The game lasted 00:34:25 (8171 turns).

Gildeon the Cleaver (Minotaur Fighter)              Turns: 8171, Time: 00:34:26

Health: -8/88      AC: 15    Str: 25    XL:     10   Next: 98%
Magic:  12/12      EV:  8    Int:  5    God:    Zin [*****.]
Gold:   585        SH: 11    Dex:  9    Spells: 9/9 levels left

rFire    + . .     SeeInvis .   a - +0 war axe
rCold    . . .     Gourm    .   c - +0 shield
rNeg     . . .     Faith    .   I - +0 plate armour
rPois    .         Spirit   .   (helmet restricted)
rElec    .         Reflect  .   K - +0 cloak
rCorr    .         Harm     .   G - +0 pair of gloves
MR       +....                  (no boots)
Stlth    ..........             (no amulet)
HPRegen  0.24/turn              t - ring of protection from fire
MPRegen  0.13/turn              x - ring of protection from magic

@: no status effects
A: retaliatory headbutt, horns 2
a: Recite, Vitalisation, Imprison, Sanctuary, Donate Gold, Renounce Religion


You were on level 9 of the Dungeon.
You worshipped Zin.
Zin was extremely pleased with you.
You were not hungry.

You visited 2 branches of the dungeon, and saw 10 of its levels.
You also visited: Ossuary.

You collected 649 gold pieces.
You donated 64 gold pieces to Zin.

Inventory:

Hand Weapons
 a - a +0 war axe (weapon)
 z - a +2 flail of holy wrath
Armour
 c - a +0 shield (worn)
 G - a +0 pair of gloves (worn)
 I - a +0 plate armour (worn)
 K - a +0 cloak (worn)
Jewellery
 q - the ring "Jioqa" {Fire rPois, unknown}
   (You found it on level 9 of the Dungeon)

   [ring of fire]

   It enhances your fire magic.
   It protects you from fire.
   It makes you vulnerable to cold.
   It protects you from poison.
 t - a ring of protection from fire (left hand)
 x - a ring of protection from magic (right hand)
Wands
 b - a wand of scattershot (6)
 j - a wand of digging (1)
 o - a wand of flame (32)
 r - a wand of paralysis (8)
 s - a wand of acid (15)
 B - a wand of iceblast (6)
Scrolls
 e - 3 scrolls of amnesia
 g - 4 scrolls of teleportation
 h - 5 scrolls of remove curse
 i - 2 scrolls of fear {unknown}
 k - 3 scrolls of magic mapping {unknown}
 p - 2 scrolls of noise {unknown}
 u - a scroll of blinking {unknown}
 w - a scroll of summoning {unknown}
 y - a scroll of random uselessness {unknown}
 E - a scroll of enchant armour {unknown}
 F - 2 scrolls of enchant weapon {unknown}
Potions
 d - 3 potions of might
 l - 3 potions of curing
 v - 2 potions of mutation
 A - a potion of agility {unknown}
 C - 2 potions of cancellation
 D - 2 potions of lignification {unknown}
 H - 2 potions of magic {unknown}
Comestibles
 f - 23 rations
 J - 5 chunks of flesh


   Skills:
 + Level 7.9 Fighting
 * Level 11.8 Axes
 + Level 6.5 Armour
 + Level 5.5 Dodging
 + Level 9.0 Shields
 - Level 5.0 Invocations
 - Level 5.2 Evocations


You had 9 spell levels left.
You didn't know any spells.
Your spell library contained the following spells:

 Spells                   Type           Power        Failure   Level  Hunger
 Flame Tongue             Conj/Fire      #....        100%        1    ##.....
 Throw Flame              Conj/Fire      #.....       100%        2    ###....
 Conjure Flame            Conj/Fire      #.......     100%        3    ####...
 Inner Flame              Hex/Fire       #.......     100%        3    ####...
 Sticky Flame             Conj/Fire      #.......     100%        4    #####..
 Fireball                 Conj/Fire      #.........   100%        5    ######.


Dungeon Overview and Level Annotations

Branches:
Dungeon (9/15)             Temple (1/1) D:6
   Lair: D:8-11         Orc: D:9-12

Altars:
Ashenzari
Cheibriados
Dithmenos
Elyvilon
Fedhas
Gozag
Hepliaklqana
Kikubaaqudgha
Makhleb
Nemelex Xobeh
Okawaru
Qazlal
Ru
Sif Muna
Trog
Uskayaw
Vehumet
Wu Jian
Xom
Zin

Annotations:
D:5 1 runed door
D:8 3 runed doors, feelmyfire's ghost, novice TrWr


Innate Abilities, Weirdness & Mutations

You reflexively headbutt those who attack you in melee.
You have a pair of horns on your head.


Message History

The two-headed ogre hits you with a +0 giant club!
The two-headed ogre hits you with a +0 giant spiked club!!
* * * LOW HITPOINT WARNING * * *
You slash the two-headed ogre!
The two-headed ogre is moderately wounded.
You block the two-headed ogre's attack. x2
Okay, then.
Evoke which item? (* to show all) (? for menu, Esc to quit)
Aiming: Paralyse
Press: ? - help, Shift-Dir - straight line, f - two-headed ogre
Aim: a two-headed ogre, wielding a +0 giant club and a +0 giant spiked club The two-headed ogre resists with some effort.
Evoke which item? (* to show all) (? for menu, Esc to quit)
Aiming: Paralyse
Press: ? - help, Shift-Dir - straight line, f/p - two-headed ogre
Aim: a two-headed ogre, wielding a +0 giant club and a +0 giant spiked club The two-headed ogre resists with some effort.
You block the two-headed ogre's attack.
The two-headed ogre hits you with a +0 giant spiked club!
You die...

#.### ###.## .# #....#
#.##### #....# ...(..#
#### #....### ......#
>..# #..(...# ......#
##.# #....#.# ......#
#.###....#.######......#
#........#..÷..@O......#
#####....########†......
#....# ......# ##.###
#.##### #..# .. #.## ...
##'######## <..
#.........# ....
##############


You could see a two-headed ogre.

Vanquished Creatures
  Harold (D:8)
  A two-headed ogre (D:9)
  Maurice (D:8)
  Grinder (D:6)
  A hippogriff (D:8)
  Sigmund (D:3)
  Eustachio (D:6)
  3 yaks (D:9)
  A wraith (D:7)
  A hungry ghost (D:9)
  Menkaure (D:4)
  Edmund (D:5)
  A soldier ant (D:5)
  3 sky beasts (D:8)
  4 ogres
  An orc warrior (D:8)
  A black bear (D:5)
  3 phantoms
  5 ice beasts
  2 centaurs
  A big kobold (D:8)
  6 bullfrogs
  A wyvern zombie (D:8)
  A scorpion (D:9)
  10 killer bees
  4 wights (D:7)
  4 howler monkeys
  7 crimson imps
  A bullfrog zombie (D:5)
  2 orc priests (D:5)
  A bullfrog skeleton (D:9)
  2 centaur skeletons
  3 iguanas
  2 orc wizards
  9 worker ants
  A hound zombie (D:7)
  A hound skeleton (D:4)
  8 mummies (Ossuary)
  Robin (D:2)
  7 gnolls
  17 adders
  3 shadow imps
  An adder skeleton (D:4)
  A worm (D:3)
  5 leopard geckos
  11 orcs
  9 bats
  9 giant cockroaches
  A gnoll zombie (Ossuary)
  17 goblins
  7 hobgoblins
  14 jackals
  5 kobolds
  5 quokkas
  3 ball pythons
  2 frilled lizards
  A goblin zombie (D:6)
  4 hobgoblin zombies (Ossuary)
  3 orc zombies (Ossuary)
  A quokka skeleton (D:6)
  9 rats
  A rat zombie (D:6)
  A butterfly (D:5)
236 creatures vanquished.

Notes
Turn   | Place    | Note
-------+----------+-------------------------------------------
     0 | D:1      | Gildeon the Minotaur Fighter began the quest for the Orb.
     0 | D:1      | Reached XP level 1. HP: 19/19 MP: 0/0
    58 | D:1      | Reached skill level 3 in Axes
    58 | D:1      | Reached XP level 2. HP: 21/27 MP: 1/1
   451 | D:1      | Reached XP level 3. HP: 33/33 MP: 2/2
   519 | D:1      | Reached skill level 1 in Dodging
   669 | D:2      | Reached XP level 4. HP: 22/40 MP: 3/3
   754 | D:2      | Noticed Robin
   763 | D:2      | Found a glowing silver altar of Zin.
   776 | D:2      | Killed Robin
   776 | D:2      | Reached skill level 4 in Axes
   811 | D:2      | Became a worshipper of Zin the Law-Giver
   930 | D:2      | Reached XP level 5. HP: 28/47 MP: 4/4
  1296 | D:3      | Noticed Sigmund
  1310 | D:3      | Killed Sigmund
  1310 | D:3      | Reached skill level 5 in Axes
  1310 | D:3      | Reached XP level 6. HP: 5/55 MP: 5/5
  1515 | D:3      | Found an ornate altar of the Wu Jian Council.
  1518 | D:3      | Reached * piety under Zin
  1914 | D:3      | Reached skill level 5 in Fighting
  2109 | D:4      | Found a radiant altar of Vehumet.
  2148 | D:4      | Reached skill level 5 in Armour
  2181 | D:4      | Noticed Menkaure
  2186 | D:4      | Killed Menkaure
  2186 | D:4      | Reached skill level 5 in Shields
  2186 | D:4      | Reached XP level 7. HP: 32/61 MP: 6/6
  2230 | D:4      | Reached skill level 6 in Axes
  2234 | D:4      | Reached skill level 1 in Invocations
  2248 | D:4      | Upgraded the game from 0.23-a0-622-g59b4ea9 to
                  | 0.23-a0-625-g1d2cd9b
  2424 | D:4      | Reached skill level 1 in Evocations
  2438 | D:4      | Reached ** piety under Zin
  2449 | D:4      | Found a stormy altar of Qazlal.
  2722 | D:4      | Found a white marble altar of Elyvilon.
  2839 | D:4      | Found a shimmering altar of Xom.
  2839 | D:4      | Found a faded altar of an unknown god.
  2844 | D:4      | Found a sparkling altar of Nemelex Xobeh.
  2846 | D:4      | Found an iron altar of Okawaru.
  2847 | D:4      | Found an ancient bone altar of Kikubaaqudgha.
  3081 | D:5      | Entered Level 5 of the Dungeon
  3302 | D:5      | Reached XP level 8. HP: 40/68 MP: 8/8
  3429 | D:5      | Reached skill level 7 in Axes
  3506 | D:5      | Found a runed door.
  3520 | D:5      | Found a runed door.
  3731 | D:5      | Noticed Edmund
  3744 | D:5      | Killed Edmund
  3845 | D:5      | Reached skill level 8 in Axes
  3979 | D:6      | Noticed Eustachio
  3988 | D:6      | Killed Eustachio
  4001 | D:6      | Found a staircase to the Ecumenical Temple.
  4027 | D:6      | Reached skill level 5 in Dodging
  4037 | D:6      | Found a sand-covered staircase.
  4052 | Ossuary  | Entered an ossuary
  4065 | Ossuary  | Reached *** piety under Zin
  4068 | Ossuary  | Reached XP level 9. HP: 66/74 MP: 10/10
  4127 | Ossuary  | Reached **** piety under Zin
  4197 | Ossuary  | Reached ***** piety under Zin
  4251 | Temple   | Entered the Ecumenical Temple
  4653 | D:6      | Noticed Grinder
  4676 | D:6      | Killed Grinder
  4676 | D:6      | Reached skill level 9 in Axes
  5797 | D:7      | Reached skill level 10 in Axes
  6440 | D:7      | Reached XP level 10. HP: 84/84 MP: 12/12
  6563 | D:8      | Reached skill level 5 in Invocations
  6739 | D:8      | Found a blossoming altar of Fedhas.
  6768 | D:8      | Found a runed gate.
  6776 | D:8      | Found a runed gate.
  6777 | D:8      | Found a runed gate.
  6782 | D:8      | Noticed feelmyfire's ghost (novice TrWr)
  7018 | D:8      | Noticed Maurice
  7039 | D:8      | Killed Maurice
  7039 | D:8      | Reached skill level 11 in Axes
  7060 | D:8      | Noticed Harold
  7092 | D:8      | Killed Harold
  7092 | D:8      | Reached skill level 5 in Evocations
  7731 | D:9      | Got a slimy granite ring
  7766 | D:9      | Found a burning altar of Makhleb.
  7783 | D:9      | Noticed a two-headed ogre
  7793 | D:9      | Killed a two-headed ogre
  8152 | D:9      | Noticed a two-headed ogre
  8171 | D:9      | Mangled by a two-headed ogre

Vault maps used:
D:1:      nicolae_arrival_memento_mori, minmay_shallow_snake_nest
D:2:      lemuel_round_altar, uniq_robin
D:3:      lemuel_round_altar, uniq_sigmund
D:4:      marbit_many_paths, lemuel_doored_altar,
          nicolae_overflow_crystal_walls, chequers_temple_overflow_minitemple,
          uniq_menkaure
D:5:      lemuel_insect_pit, first_ration, uniq_edmund
D:6:      minmay_temple_entry_hall, enter_ossuary_4, minmay_stone_trees_small,
          uniq_grinder, uniq_eustachio
D:8:      lemuel_ice_spiral_2, nicolae_overflow_hidden_temple,
          gammafunk_ghost_spectres, blue_anna_alchemist, uniq_maurice,
          uniq_harold
D:9:      grunt_temple_overflow_holy_war, kennysheep_little_box,
          david_lair_generic, kennysheep_orc_monster_closet_entryway,
          small_chamber_with_monster, grunt_nemelex_the_gamble
Temple:   jpeg_temple_island
Ossuary:  ossuary_tomb_3

Skill      XL: |  1  2  3  4  5  6  7  8  9 10 |
---------------+-------------------------------+-----
Axes           | 3 4 5 6 8 10 11 | 11.8
Dodging        | 1 2 3 5 |  5.5
Fighting       | 4 5 6 7 |  7.9
Armour         | 4 5 6 |  6.5
Shields        | 4 5 6 7 9 |  9.0
Invocations    | 2 3 4 5 |  5.0
Evocations     | 1 3 4 5 |  5.2

Action                   |  1- 3 |  4- 6 |  7- 9 | 10-12 || total
-------------------------+-------+-------+-------+-------++-------
Melee: War axe           |    59 |   149 |   339 |   177 ||   724
       Headbutt          |     8 |    18 |    63 |    38 ||   127
       Unarmed           |       |     7 |       |       ||     7
Evoke: Wand              |       |       |       |     2 ||     2
  Use: Scroll            |       |     4 |     3 |     4 ||    11
       Potion            |       |     1 |     2 |     5 ||     8
  Eat: Chunk             |       |     4 |    11 |     4 ||    19
       Ration            |       |       |     1 |     1 ||     2
Armor: Scale mail        |    32 |    68 |   113 |     1 ||   214
       Plate armour      |       |       |       |    52 ||    52
Dodge: Dodged            |    16 |    72 |   146 |    28 ||   262
Block: Shield            |    32 |    88 |   180 |    73 ||   373

Table legend:
 A = Non-vault XP
 B = Vault XP
 C = Vault XP percentage of total XP
 D = Non-vault monster count
 E = Vault monster count
 F = Vault count percentage of total count
                 A         B        C        D         E       F
            +---------+---------+-------+---------+---------+-------
      Total |    7712 |    3173 |  29.2 |     186 |      49 |  20.9
            +---------+---------+-------+---------+---------+-------
        D:1 |      32 |      14 |  30.4 |      20 |       2 |   9.1
        D:2 |     120 |      38 |  24.1 |      27 |      12 |  30.8
        D:3 |     151 |     223 |  59.6 |      21 |       1 |   4.5
        D:4 |     311 |     172 |  35.6 |      21 |       1 |   4.5
        D:5 |     719 |     543 |  43.0 |      20 |      10 |  33.3
        D:6 |     851 |     463 |  35.2 |      15 |       4 |  21.1
        D:7 |    1979 |       0 |   0.0 |      30 |       0 |   0.0
        D:8 |    1537 |    1571 |  50.5 |      23 |       3 |  11.5
        D:9 |    2012 |       0 |   0.0 |       9 |       0 |   0.0
    Ossuary |       0 |     149 | 100.0 |       0 |      16 | 100.0
            +---------+---------+-------+---------+---------+-------
